 Dungeon Crawl Stone Soup version 0.25.0-9-g26727b657a (webtiles) character file.

Game seed: 9898896416576849449

1450 Infinimo the Slinger (level 9, -12/61 HPs)
             Began as a Halfling Hunter on June 20, 2020.
             Mangled by an orc warrior
             ... wielding a +0 trident
              (15 damage)
             ... on level 6 of the Dungeon.
             The game lasted 00:12:40 (6080 turns).

Infinimo the Slinger (Halfling Hunter)              Turns: 6080, Time: 00:12:40

Health: -12/61     AC: 12    Str: 14    XL:     9   Next: 4%
Magic:  9/9        EV:  7    Int: 15    God:
Gold:   256        SH:  0    Dex: 17    Spells: 8/8 levels left

rFire    . . .     SeeInvis +   a - +1 hunting sling
rCold    . . .     Gourm    .   (shield restricted)
rNeg     . . .     Faith    .   z - +0 plate armour
rPois    .         Spirit   .   (no helmet)
rElec    .         Reflect  .   (no cloak)
rCorr    .         Harm     .   (no gloves)
MR       .....                  (no boots)
Stlth    ..........             (no amulet)
HPRegen  0.20/turn              q - +6 ring of intelligence
MPRegen  0.11/turn              p - ring of see invisible

@: no status effects
A: small, mutation resistance 1
a: no special abilities


You were on level 6 of the Dungeon.
You were hungry.

You visited 1 branch of the dungeon, and saw 6 of its levels.

You collected 256 gold pieces.

Inventory:

Hand Weapons
 a - a +1 hunting sling (weapon)
 b - a +0 short sword
Missiles
 t - 95 stones (quivered)
Armour
 z - a +0 plate armour (worn)
Jewellery
 c - an uncursed ring of stealth {unknown}
 p - a ring of see invisible (right hand)
 q - a +6 ring of intelligence (left hand)
Wands
 k - a wand of flame (10)
 v - a wand of enslavement (4)
Scrolls
 d - a scroll of fog
 n - a scroll of blinking
 w - 3 scrolls of remove curse
 x - 3 scrolls of identify
 y - 2 scrolls of teleportation
Potions
 g - 2 potions of lignification
 i - 2 potions of ambrosia {unknown}
 j - 4 potions of brilliance {unknown}
 l - 3 potions of curing
 o - a potion of flight {unknown}
 r - a potion of magic
 u - 2 potions of haste {unknown}
 A - a potion of might {unknown}
 B - a potion of berserk rage {unknown}
Comestibles
 f - 12 rations
 s - 4 chunks of flesh


   Skills:
 + Level 5.0 Fighting
 * Level 11.8 Slings
 + Level 5.5 Armour
 - Level 2.1 Dodging
 - Level 1.1 Stealth


You had 8 spell levels left.
You didn't know any spells.
Your spell library was empty.

Dungeon Overview and Level Annotations

Branches:
Dungeon (6/15)
 Temple: D:4-7

Altars:
Ashenzari
Elyvilon

Shops:
D:4 [


Innate Abilities, Weirdness & Mutations

You are small and have problems with some larger weapons.
You are somewhat resistant to further mutation.


Message History

* * * LOW HITPOINT WARNING * * *
You are too injured to fight recklessly!
You are too injured to fight recklessly!
You are too injured to fight recklessly!
Firing (i - inventory)
t - 96 stones (quivered)
Press: ? - help, Shift-Dir - straight line, f/p - orc warrior
Aim: an orc warrior, wielding a +0 trident and wearing a +0 chain mail (heavily wounded)
You shoot a stone.
The stone hits the orc warrior but does no damage.
The orc warrior is heavily wounded.
You are feeling hungry.
The orc throws a stone.
The stone barely misses you.
The orc throws a stone.
The stone barely misses you.
You see here a stone.
There is an open door here.
The orc warrior hits you from afar with a +0 trident!
* * * LOW HITPOINT WARNING * * *
There is an open door here.
The orc warrior hits you from afar with a +0 trident!
You die...

#####.............#.##..#
..................+.....#
#####.............#.##..#
#.............#.##.##
#.............#.##.#
#.............+..#.#
#.............
######'###+##
########@......#
...#.o'.....#.#
##+###'#.##.....#
#(....)(.##.....#
#((.((.).##.....#
()((.))(...+.....+
##...(...###.....#
#..(...o+ ...####
#..(..(.# #.#


You could see an orc warrior.

Vanquished Creatures
  An orc warrior (D:6)
  2 ice beasts
  An ogre (D:5)
  A bullfrog (D:6)
  A gnoll sergeant (D:5)
  A bullfrog zombie (D:5)
  A jelly (D:5)
  7 orc wizards
  3 hounds
  4 orc priests
  2 bullfrog skeletons
  2 centaur skeletons (D:4)
  Terence (D:3)
  5 worker ants
  5 gnolls (D:5)
  A worker ant zombie (D:5)
  6 adders
  An ooze (D:1)
  An adder skeleton (D:4)
  2 worms
  4 dart slugs
  A leopard gecko (D:4)
  23 orcs
  5 ball pythons
  5 giant cockroaches
  10 goblins
  8 hobgoblins
  7 jackals
  9 kobolds
  5 bats
  3 frilled lizards
  A jackal skeleton (D:4)
  7 rats
136 creatures vanquished.

Notes
Turn   | Place    | Note
-------+----------+-------------------------------------------
     0 | D:1      | Infinimo the Halfling Hunter began the quest for the Orb.
     0 | D:1      | Reached XP level 1. HP: 14/14 MP: 1/1
    40 | D:1      | Reached skill level 6 in Slings
   232 | D:1      | Reached XP level 2. HP: 19/19 MP: 2/2
   646 | D:1      | Reached skill level 1 in Armour
   667 | D:1      | Reached XP level 3. HP: 24/24 MP: 3/3
   951 | D:2      | Reached skill level 7 in Slings
   951 | D:2      | Reached XP level 4. HP: 30/30 MP: 4/4
  1632 | D:2      | Reached XP level 5. HP: 33/35 MP: 5/5
  1710 | D:2      | Found a white marble altar of Elyvilon.
  2484 | D:3      | Noticed Terence
  2518 | D:3      | Killed Terence
  2518 | D:3      | Reached skill level 8 in Slings
  2560 | D:3      | Reached XP level 6. HP: 30/42 MP: 6/6
  2698 | D:3      | Found a shattered altar of Ashenzari.
  3480 | D:4      | Reached XP level 7. HP: 39/46 MP: 7/7
  3486 | D:4      | Reached skill level 9 in Slings
  3613 | D:4      | Found Kovosouq's Armour Shop.
  4637 | D:5      | Entered Level 5 of the Dungeon
  4814 | D:5      | Reached skill level 10 in Slings
  5020 | D:5      | Reached XP level 8. HP: 42/54 MP: 8/8
  5152 | D:5      | Identified the cursed +0 whip of the Undead {antimagic, rN+
                  | Str-3 Int+8}
  5467 | D:5      | Reached skill level 11 in Slings
  5467 | D:5      | Reached skill level 5 in Armour
  6029 | D:6      | Reached skill level 5 in Fighting
  6029 | D:6      | Reached XP level 9. HP: 47/61 MP: 9/9
  6078 | D:6      | HP: 3/61 [orc warrior/+0 trident (14)]
  6080 | D:6      | Mangled by an orc warrior

Illustrated notes

Levels and vault maps discovered:
D:1:      minmay_arrival_three_doors, layout_basic
D:2:      layout_basic, elyvilon_altar_3
D:3:      layout_basic, cheibrodos_ashenzari_chains, first_ration, uniq_terence
D:4:      layout_basic, serial_shops, kennysheep_mini, minmay_cut_off
D:5:      layout_loops_cross, minivault_14, minmay_misc_feat_enclosed
D:6:      layout_basic, lemuel_zombie_altar_yredelemnul, nicolae_ru_awakened_eye

Skill      XL: |  1  2  3  4  5  6  7  8 |
---------------+-------------------------+-----
Slings         | 6 7 8 10 11 | 11.8
Fighting       | 2 3 4 5 |  5.0
Armour         | 1 2 3 4 5 |  5.5
Dodging        | |  2.1
Stealth        | |  1.1

Action                   |  1- 3 |  4- 6 |  7- 9 || total
-------------------------+-------+-------+-------++-------
Melee: Short sword       |       |     8 |       ||     8
 Fire: Hunting sling     |    73 |   255 |   350 ||   678
  Use: Scroll            |       |    12 |     1 ||    13
       Potion            |       |     3 |     2 ||     5
  Eat: Chunk             |       |     6 |     5 ||    11
       Ration            |       |       |     1 ||     1
Armor: Leather armour    |     1 |    20 |     8 ||    29
       Plate armour      |       |       |    12 ||    12
       Skin              |       |       |     5 ||     5
Dodge: Dodged            |    12 |    82 |    75 ||   169
